 Dungeon Crawl Stone Soup version 0.24.0-123-gd5b16e6ec5 (webtiles) character file.

Game seed: 12394376480498659046, levelgen mode: deterministic

7 vurker the Gusty (level 1, -1/7 HPs)
             Began as a Felid Air Elementalist on Feb 3, 2020.
             Slain by a giant cockroach (2 damage)
             ... on level 1 of the Dungeon.
             The game lasted 00:00:32 (162 turns).

vurker the Gusty (Felid Air Elementalist)            Turns: 162, Time: 00:00:32

Health: -1/7       AC:  1    Str:  4    XL:     1   Next: 83%
Magic:  0/4        EV: 18    Int: 16    God:
Gold:   7          SH:  0    Dex: 16    Spells: 3/4 levels left
                                        Lives:  0   Deaths: 0

rFire    . . .     SeeInvis +   (weapon unavailable)
rCold    . . .     Gourm    .   (shield unavailable)
rNeg     . . .     Faith    .   (armour unavailable)
rPois    .         Spirit   .   (helmet unavailable)
rElec    .         Reflect  .   (cloak unavailable)
rCorr    .         Harm     .   (gloves unavailable)
MR       .....                  (boots unavailable)
Stlth    +++.......             (no amulet)
HPRegen  0.02/turn              (no ring)
MPRegen  0.09/turn              (no ring)

@: quick
A: very small, no armour, no weapons or thrown items, stealth, claws 1, fangs 3,
see invisible, carnivore, speed 1, shaggy fur 1, slow metabolism 1, sharp paws
a: no special abilities


You were on level 1 of the Dungeon.
You were not hungry.

You visited 1 branch of the dungeon, and saw 1 of its levels.

You collected 7 gold pieces.

Inventory:

Comestibles
 e - a ration


   Skills:
 + Level 0.2 Fighting
 - Level 2.6 Dodging
 - Level 2.6 Stealth
 * Level 2.1 Spellcasting
 * Level 1.1 Conjurations
 * Level 2.8 Air Magic


You had 3 spell levels left.
You knew the following spells:

 Your Spells              Type           Power        Failure   Level  Hunger
a - Shock                 Conj/Air       #...         9%          1    #......

Your spell library contained the following spells:

 Spells                   Type           Power        Failure   Level  Hunger
 Swiftness                Chrm/Air       #.......     17%         2    ###....
 Static Discharge         Conj/Air       #.......     26%         3    ###....
 Airstrike                Air            ##........   54%         4    #####..
 Lightning Bolt           Conj/Air       #.........   94%         5    ######.


Dungeon Overview and Level Annotations

Branches:
Dungeon (1/15)

Altars:


Innate Abilities, Weirdness & Mutations

You cannot wear armour.
You are incapable of wielding weapons or throwing items.
Your paws allow you to move quietly. (Stealth)
You have sharp claws.
You have razor-sharp teeth.
You have supernaturally acute eyesight. (SInv)
You are carnivorous and can eat meat at any time.
You cover ground quickly.
You are covered in fur. (AC +1)
You have a slow metabolism.
Your sharp claws are effective at attacking unaware monsters.


Message History

The zap hits the hobgoblin.
You kill the hobgoblin!
The bat hits you.
A rat comes into view.
A goblin comes into view.
That beam is likely to hit you.
Continue anyway? [Y]es or [N]o only, please.
That beam is likely to hit you.
Continue anyway? [Y]es or [N]o only, please.
That beam is likely to hit you.
Continue anyway? [Y]es or [N]o only, please.
That beam is likely to hit you.
Continue anyway?
Okay, then.
The bat misses you.
Aim: a bat The zap hits the bat.
The zap misses the giant cockroach.
The bat misses you.
You don't have enough magic to cast that spell.
The bat completely misses you. The giant cockroach barely misses you.
You closely miss the giant cockroach. The bat misses you.
The giant cockroach misses you. The bat hits you.
You closely miss the bat. The bat completely misses you.
The giant cockroach bites you but does no damage.
You scratch the giant cockroach. The giant cockroach bites you.
* * * LOW HITPOINT WARNING * * *
The bat closely misses you. The giant cockroach closely misses you.
The bat barely misses you. The bat closely misses you. The bat hits you.
* * * LOW HITPOINT WARNING * * *
The bat hits you.
* * * LOW HITPOINT WARNING * * *
The bat misses you.
Aim: a bat (moderately wounded)
The zap hits the bat.
You kill the bat!
The zap misses the goblin.
The zap hits the giant cockroach.
You don't have enough magic to cast that spell.
You don't have enough magic to cast that spell.
Aim: a goblin The zap hits the goblin.
You kill the goblin!
You closely miss the giant cockroach. The giant cockroach bites you.
* * * LOW HITPOINT WARNING * * *
You closely miss the giant cockroach.
The giant cockroach completely misses you.
You closely miss the giant cockroach. Your bite misses the giant cockroach.
The giant cockroach barely misses you.
The giant cockroach completely misses you.
You barely miss the giant cockroach. Your bite misses the giant cockroach.
The giant cockroach bites you.
You die...

#..# ##....# ># #..
#..#### .# #.#
#....# .# ####.#
#....## .# ....##
##....# .# #...#
#..##.##.#
#.<.###.###..#.#
#.....@.# ##...#
###..#s## ##..# # #.
##..## #...# #.#.
##.## ##.#.# . .#.#
#...#####..#.# ..#
...
..###....##...##.#
#...#..
#.......#..### .#
#...... #######s..##
..
.......#########.###
.#


You could see a giant cockroach.

Vanquished Creatures
  2 bats (D:1)
  A giant cockroach (D:1)
  A goblin (D:1)
  A hobgoblin (D:1)
5 creatures vanquished.

Notes
Turn   | Place    | Note
-------+----------+-------------------------------------------
     0 | D:1      | vurker the Felid Air Elementalist began the quest for the
                  | Orb.
     0 | D:1      | Reached XP level 1. HP: 7/7 MP: 4/4
     9 | D:1      | Reached skill level 1 in Conjurations
   162 | D:1      | Slain by a giant cockroach

Levels and vault maps discovered:
D:1:      dpeg_arrival_arbitrary_b, layout_basic, chequers_arboretum,
          serial_bayou_lake_a

Skill      XL: |  1 |
---------------+----+-----
Conjurations   | 1 |  1.1
Fighting       | |  0.2
Dodging        | |  2.6
Stealth        | |  2.6
Spellcasting   | |  2.1
Air Magic      | |  2.8

Action                   || total
-------------------------++-------
Melee: Unarmed           ||     7
 Cast: Shock             ||    12
  Eat: Chunk             ||     1
Armor: Skin              ||     1
Dodge: Dodged            ||    15
